 Dungeon Crawl Stone Soup version 0.27.1-1-g398f81649c (webtiles) character file.

Game seed: 4723270853536912901

179 ZARRMARR the Cutter (level 5, -2/37 HPs)
             Began as an Octopode Monk on Sept 9, 2021.
             Was a Believer of Okawaru.
             Slain by an adder (5 damage)
             ... on level 3 of the Dungeon.
             The game lasted 00:06:58 (2610 turns).

ZARRMARR the Cutter (Octopode Monk)                 Turns: 2610, Time: 00:06:58

Health: -2/37      AC:  1    Str: 10    XL:     5   Next: 59%
Magic:  3/5        EV: 14    Int: 13    God:    Okawaru [**....]
Gold:   58         SH:  0    Dex: 15    Spells: 4/4 levels left

rFire    . . .     SeeInvis +   a - +1 short sword
rCold    . . .     Faith    .   (no shield)
rNeg     . . .     Spirit   .   (helmet restricted)
rPois    .         Reflect  .   (no amulet)
rElec    .         Harm     .   c - ring of see invisible
rCorr    .         Rampage  .   (no ring)
Will     .....                  (no ring)
Stlth    ++++......             (no ring)
HPRegen  0.12/turn              (no ring)
MPRegen  0.09/turn              (no ring)
                                (no ring)
                                (no ring)

@: attractive
A: almost no armour, amphibious, 8 rings, camouflage 1, gelatinous body 1,
(nimble swimmer 1), tentacles
a: Renounce Religion, Heroism


You were on level 3 of the Dungeon.
You worshipped Okawaru.
Okawaru was pleased with you.
You visited 1 branch of the dungeon, and saw 3 of its levels.

You collected 58 gold pieces.

Inventory:

Hand Weapons
 a - a +1 short sword (weapon)
Missiles
 h - 30 poisoned darts (quivered)
 j - 10 boomerangs
Jewellery
 c - a ring of see invisible (left tentacle)
 l - a ring of fire
Wands
 i - a wand of polymorph (11)
Scrolls
 m - a scroll of fog {unknown}
Potions
 b - a potion of flight
 e - a potion of might
 f - 2 potions of curing
 g - a potion of berserk rage {unknown}
 k - a potion of lignification {unknown}


   Skills:
 + Level 3.8 Fighting
 * Level 4.4 Short Blades
 + Level 3.8 Dodging
 + Level 4.2 Stealth


You had 4 spell levels left.
You didn't know any spells.
Your spell library was empty.

Dungeon Overview and Level Annotations

Branches:
Dungeon (3/15)

Altars:
Okawaru


Innate Abilities, Weirdness & Mutations

You cannot wear most types of armour.
You are amphibious.
You can wear up to eight rings at the same time.
Your skin changes colour to match your surroundings (Stealth+).
Your rubbery body absorbs attacks. (AC +1, EV +1)
((You are camouflaged near water. (Stealth+)))
You have tentacles for arms and can constrict up to eight enemies at once.


Message History

You constrict the adder.
You feel sick. The bat closely misses you. The hound closely misses you.
The adder bites you.
You hit the hound. You grab the hound.
The hound is lightly wounded.
You constrict the adder.
You constrict the hound, but do no damage.
You feel sick. The bat barely misses you. The hound bites you.
The adder misses you.
You puncture the bat!
You kill the bat!
Okawaru accepts your kill.
You constrict the adder.
You constrict the hound, but do no damage.
The hound misses you. The orc barely misses you. The adder misses you.
You hit the adder but do no damage.
The adder is severely wounded.
You constrict the adder. You constrict the hound.
You feel sick.
You are no longer poisoned.
The hound bites you.
Unknown command.
You barely miss the adder.
The adder is almost dead.
You constrict the adder, but do no damage.
You constrict the hound. The adder misses you. The orc closely misses you.
The hound bites you.
You hit the adder.
Your tentacle-slap misses the adder.
The adder is almost dead.
You constrict the adder, but do no damage.
You constrict the hound, but do no damage.
The adder bites you.
* * * LOW HITPOINT WARNING * * *
The hound bites you.
* * * LOW HITPOINT WARNING * * *
The orc hits you from afar with a +0 trident.
* * * LOW HITPOINT WARNING * * *
You release your grip on the adder.
You release your grip on the hound.
It was a potion of attraction.
You feel attractive to monsters.
You feel like a meek peon again. The hound barely misses you.
The adder bites you.
You die...

#...###..###...# ...
#.....####...#.######
..## #..
......).......... ..
# #.###..........> ##
. #(.............< #
####............
.#####...$........
.>......>........?
.#####.S@.........
.......)h..?.....
.....##o##.......
....##...##..###
....#.###.#.##
##..#..|..#.# #..#
### #.# #.. ... .# #.
#.# #


You could see a hound, an adder and an orc.

Vanquished Creatures
  Natasha (D:3)
  Terence (D:3)
  6 adders
  A worm (D:2)
  A dart slug (D:1)
  7 endoplasms
  5 giant cockroaches
  5 goblins
  3 hobgoblins
  4 jackals (D:1)
  5 quokkas
  8 ball pythons
  9 bats
  3 frilled lizards
  4 kobolds
  3 rats
  2 bushes (D:1)
68 creatures vanquished.

Vanquished Creatures (others)
  A plant (D:1)
1 creature vanquished.

Grand Total: 69 creatures vanquished

Notes
Turn   | Place    | Note
-------+----------+-------------------------------------------
     0 | D:1      | ZARRMARR the Octopode Monk began the quest for the Orb.
     0 | D:1      | Reached XP level 1. HP: 16/16 MP: 1/1
    22 | D:1      | Reached XP level 2. HP: 17/21 MP: 2/2
   459 | D:1      | Reached XP level 3. HP: 26/26 MP: 3/3
   548 | D:1      | Found a faded altar of an unknown god.
  1408 | D:2      | Found an iron altar of Okawaru.
  1427 | D:2      | Became a worshipper of Warmaster Okawaru
  1427 | D:2      | Reached * piety under Okawaru
  1427 | D:2      | Reached ** piety under Okawaru
  1443 | D:2      | Reached XP level 4. HP: 23/31 MP: 4/4
  2139 | D:3      | Noticed Terence
  2146 | D:3      | Killed Terence
  2147 | D:3      | Reached XP level 5. HP: 15/36 MP: 5/5
  2595 | D:3      | Noticed Natasha
  2601 | D:3      | Killed Natasha
  2610 | D:3      | Slain by an adder

Illustrated notes

Levels and vault maps discovered:
D:1:      lemuel_arrival_rhombus, layout_loops_ring, serial_forest,
          infiniplex_forest_clump_medium, infiniplex_forest_clump_long,
          infiniplex_forest_clump_small, infiniplex_forest_clump_diagonal,
          infiniplex_forest_clump_small, dilly_ecumenical_altar_fadedgnrine,
          minmay_pentomino_q4
D:2:      layout_basic, basic_altar
D:3:      layout_rooms, minmay_misc_feat_iff, minmay_checkerbox, uniq_terence,
          uniq_natasha

Skill      XL: |  1  2  3  4 |
---------------+-------------+-----
Stealth        | 3 4 |  4.2
Short Blades   | 4 |  4.4
Fighting       | |  3.8
Dodging        | |  3.8

Action                   |  1- 3 |  4- 6 || total
-------------------------+-------+-------++-------
Melee: Short sword       |   332 |    63 ||   395
       Constrict         |    15 |    11 ||    26
       Tentacles         |    89 |     3 ||    92
Throw: Dart              |       |     2 ||     2
Invok: Heroism           |       |     1 ||     1
  Use: Scroll            |     3 |     1 ||     4
       Potion            |       |     1 ||     1
 Stab: Sleeping          |    14 |    12 ||    26
       Distracted        |     1 |       ||     1
Armor: Skin              |     5 |     6 ||    11
Dodge: Dodged            |    20 |    37 ||    57
